 Dungeon Crawl Stone Soup version 0.26.1-11-gd32895ea62 (webtiles) character file.

Game seed: 7210269663714695732

52 tizbic2 the Chiller (level 3, -1/31 HPs)
             Began as a Troll Ice Elementalist on June 25, 2021.
             Slain by a worker ant (2 damage)
             ... on level 4 of the Dungeon.
             The game lasted 00:10:56 (1552 turns).

tizbic2 the Chiller (Troll Ice Elementalist)        Turns: 1552, Time: 00:10:56

Health: -1/31      AC:  7    Str: 16    XL:     3   Next: 60%
Magic:  4/4        EV: 10    Int: 12    God:
Gold:   109        SH:  0    Dex: 10    Spells: 4/5 levels left

rFire    . . .     SeeInvis .   g - +4 mace
rCold    . . .     Faith    .   (no shield)
rNeg     + . .     Spirit   .   l - +1 animal skin
rPois    .         Reflect  .   (helmet restricted)
rElec    .         Harm     .   (no cloak)
rCorr    .         Rampage  .   (gloves unavailable)
Will     .....                  (boots unavailable)
Stlth    +.........             (no amulet)
HPRegen  0.50/turn              d - ring of positive energy
MPRegen  0.09/turn              (no ring)

@: lethally poisoned (-1 -> -1), berserk cooldown, slowed, very slow
A: large, unfitting armour, claws 3, regeneration 1, shaggy fur 1, tough skin 3
a: no special abilities


You were on level 4 of the Dungeon.
You visited 1 branch of the dungeon, and saw 4 of its levels.

You collected 109 gold pieces.

Inventory:

Hand Weapons
 g - a +4 mace (weapon)
Missiles
 c - 66 stones (quivered)
Armour
 l - a +1 animal skin (worn)
Jewellery
 d - a ring of positive energy (left claw)
Scrolls
 b - a scroll of noise
 j - 3 scrolls of identify
 k - 3 scrolls of fear
 m - a scroll of remove curse
Potions
 a - a potion of curing {unknown}
 e - a potion of attraction {unknown}
 h - 2 potions of haste {unknown}
 i - a potion of mutation {unknown}


   Skills:
 + Level 0.1 Fighting
 * Level 1.0 Maces & Flails
 * Level 1.8 Dodging
 - Level 1.0 Stealth
 - Level 0.3 Unarmed Combat
 * Level 1.6 Spellcasting
 + Level 3.3 Ice Magic


You had 4 spell levels left.
You knew the following spells:

 Your Spells              Type           Power        Failure   Level
a - Freeze                Ice            36%          7%          1

Your spell library contained the following spells:

 Spells                   Type           Power        Failure   Level
 Frozen Ramparts          Ice            18%          22%         3
 Ozocubu's Armour         Ice            9%           22%         3
 Hailstorm                Conj/Ice       5%           80%         4
 Summon Ice Beast         Ice/Summ       5%           80%         4


Dungeon Overview and Level Annotations

Branches:
Dungeon (4/15)
 Temple: D:4-7

Altars:
Dithmenos

Annotations:
D:3 Grinder


Innate Abilities, Weirdness & Mutations

You are too large for most types of armour.
You have claws for hands.
Your natural rate of healing is unusually fast.
You are covered in fur. (AC +1)
You have extremely tough skin. (AC +3)


Message History

You feel a strong urge to attack something.
You feel sick.
You feel your anger nearly subside.
You are no longer berserk.
You are exhausted.
You feel yourself slow down.
Unknown command.
* * * LOW HITPOINT WARNING * * *
You feel sick.
The worker ant bites you but does no damage.
You feel sick.
The worker ant bites you but does no damage.
The worker ant completely misses you.
You feel sick. The worker ant closely misses you.
You feel sick. The worker ant bites you.
* * * LOW HITPOINT WARNING * * *
Found a black potion.
The worker ant bites you.
You die...

### #.# ##
###B####
#.###..#@..#
###....#####.!...
#....#####... ...
#.....#..##.....
. ....#
#......... ...
#......... ...#
##.........
...##..........
...............


You could see a worker ant.

Vanquished Creatures
  Robin (D:2)
  4 leopard geckos
  8 goblins
  4 hobgoblins
  A quokka (D:3)
  6 bats
  2 frilled lizards (D:1)
  7 kobolds
  4 rats
37 creatures vanquished.

Vanquished Creatures (others)
  2 plants (D:4)
2 creatures vanquished.

Grand Total: 39 creatures vanquished

Notes
Turn   | Place    | Note
-------+----------+-------------------------------------------
     0 | D:1      | tizbic2 the Troll Ice Elementalist began the quest for the
                  | Orb.
     0 | D:1      | Reached XP level 1. HP: 16/16 MP: 1/1
    31 | D:1      | Reached skill level 3 in Ice Magic
   220 | D:1      | Reached XP level 2. HP: 24/24 MP: 2/2
   871 | D:2      | Found a shadowy altar of Dithmenos.
  1129 | D:2      | Noticed Robin
  1136 | D:2      | Reached XP level 3. HP: 25/31 MP: 0/4
  1155 | D:2      | Killed Robin
  1421 | D:3      | Reached skill level 1 in Maces & Flails
  1495 | D:3      | Noticed Grinder
  1511 | D:3      | Paralysed by Grinder for 3 turns
  1515 | D:3      | HP: 1/31 [Grinder/nerve-wracking pain (4)]
  1538 | D:4      | HP: 2/46 [worker ant (7)]
  1545 | D:4      | HP: 1/31 [poisoned by a worker ant]
  1551 | D:4      | HP: 1/31 [worker ant (2)]
  1552 | D:4      | Slain by a worker ant

Illustrated notes

Levels and vault maps discovered:
D:1:      dpeg_arrival_water_temple_mockup, layout_basic
D:2:      layout_loops_cross, nrook_uturn,
          nicolae_dithmenos_through_a_glass_darkly, uniq_robin
D:3:      minmay_recursive_quarters, layout_loops_ring, lemuel_round_altar,
          chequers_mini_garden, dk_vineyard_2, minivault_19, uniq_grinder
D:4:      layout_layer_cave, lemuel_crystal_altar, grunt_temple_overflow_open,
          lemuel_temple_firewalk_a, serial_bayou, serial_bayou_pond_c,
          serial_bayou_pond_d, serial_bayou_pond_e, serial_bayou_ford_a,
          serial_bayou_pond_e, serial_bayou_pond_d, serial_park_tiny_1,
          uniq_menkaure

Skill      XL: |  1  2  3 |
---------------+----------+-----
Ice Magic      | 3 |  3.3
Maces & Flails | 1 |  1.0
Fighting       | |  0.1
Dodging        | |  1.8
Stealth        | |  1.0
Unarmed Combat | |  0.3
Spellcasting   | |  1.6

Action                   || total
-------------------------++-------
Melee: Unarmed           ||     6
       Mace              ||    76
Throw: Stone             ||     8
 Cast: Freeze            ||    19
  Use: Scroll            ||     5
       Potion            ||     1
 Stab: Sleeping          ||     2
Armor: Robe              ||    31
       Animal skin       ||    18
Dodge: Dodged            ||    58
